TOP OF THE 1ST |
Clemson University Tigers batting - Pitching for University of Michigan Wolverines : RHP Andrew Giles
|
Pitching: RHP Andrew Giles
|
|
Batting: LHB Alex Chairez
|
0-0: Foul Ball, location: 2F 0-1: Ball 1-1: Swinging Strike 1-2: Ball 2-2: Strikes out looking
|
Batting: RHB Jon Solis
|
0-0: Ball 1-0: Ball 2-0: Swinging Strike 2-1: Foul Ball, location: 2F 2-2: Foul Ball, location: 2F 2-2: SINGLE (Line Drive, 3D, EV 94.4 MPH)
|
Batting: RHB Carlos Livas
|
0-0: Fly out, F8 (Flyball, 78D, EV 104.4 MPH)
|
Batting: RHB Luis Cruz
|
0-0: Called Strike 0-1: Foul Ball, location: 2F 0-2: Ball 1-2: Fly out, F9 (Flyball, 9D, EV 85.6 MPH)
|
Top of the 1st over - 0 runs, 1 hit, 0 errors, 1 left on base; Clemson University 0 - University of Michigan 0 |
BOTTOM OF THE 1ST |
University of Michigan Wolverines batting - Pitching for Clemson University Tigers : RHP Danny Lucero
|
Pitching: RHP Danny Lucero
|
|
Batting: RHB Gilbert Hoareau
|
0-0: Called Strike 0-1: Called Strike 0-2: Foul Ball, location: 2F 0-2: Foul Ball, location: 2F 0-2: Foul Ball, location: 2F 0-2: Ball 1-2: Ball 2-2: Fly out, F8 (Flyball, 8RM, EV 84.4 MPH)
|
Batting: LHB Afanasy Zasekin
|
0-0: Ball 1-0: Ball 2-0: Called Strike 2-1: Ball 3-1: Ground out 1-3 (Groundball, 15S, EV 65.0 MPH)
|
Batting: RHB Mike Bearden
|
0-0: Ball 1-0: Fly out, F8 (Flyball, 78D, EV 100.0 MPH)
|
Bottom of the 1st over - 0 runs, 0 hits, 0 errors, 0 left on base; Clemson University 0 - University of Michigan 0 |
TOP OF THE 2ND |
Clemson University Tigers batting - Pitching for University of Michigan Wolverines : RHP Andrew Giles
|
Batting: RHB Joaquin Salazar
|
0-0: Swinging Strike 0-1: Swinging Strike 0-2: Strikes out swinging
|
Batting: RHB Willie Rubio
|
0-0: Ball 1-0: Foul Ball, location: 2F 1-1: Ball 2-1: Ball 3-1: Base on Balls
|
Batting: LHB Ivan Castillo
|
0-0: SINGLE (Groundball, 56D, EV 97.5 MPH) Willie Rubio to second
|
Batting: RHB Wayne Watson
|
0-0: Ball 1-0: Ball 2-0: Foul Ball, location: 2F 2-1: Ball 3-1: Base on Balls Willie Rubio to third Ivan Castillo to second
|
Batting: RHB Manny Balderas
|
0-0: SINGLE (Groundball, 56D, EV 101.2 MPH) Willie Rubio scores Ivan Castillo to third Wayne Watson to second Runner from 3rd tries for Home, SAFE, throw by LF to home
|
Batting: LHB Alex Chairez
|
0-0: Called Strike 0-1: Fly out, F7 (Flyball, 7S, EV 87.5 MPH)
|
Batting: RHB Jon Solis
|
0-0: Called Strike 0-1: Called Strike 0-2: Strikes out swinging
|
Top of the 2nd over - 2 runs, 2 hits, 0 errors, 2 left on base; Clemson University 2 - University of Michigan 0 |
BOTTOM OF THE 2ND |
University of Michigan Wolverines batting - Pitching for Clemson University Tigers : RHP Danny Lucero
|
Batting: RHB Xiao-shuang Au
|
0-0: Called Strike 0-1: Ball 1-1: Swinging Strike 1-2: Foul Ball, location: 2F 1-2: Ball 2-2: Foul Ball, location: 2F 2-2: Strikes out swinging
|
Pitching: LHP Mario Roman
|
|
Batting: LHB Ken Morehead
|
0-0: Ball 1-0: Swinging Strike 1-1: Foul Ball, location: 2F 1-2: Ball 2-2: SINGLE (Groundball, 6MD, EV 95.0 MPH)
|
Batting: LHB Dave Carlisle
|
0-0: Ball 1-0: Foul Ball, location: 2F 1-1: Fielders Choice at 2nd, 3-6 (Groundball, 34S, EV 78.8 MPH)
|
Batting: RHB Alain Marquet
|
0-0: Called Strike 0-1: Swinging Strike 0-2: Foul Ball, location: 2F 0-2: Foul Ball, location: 2F 0-2: Ball 1-2: Ball 2-2: Foul Ball, location: 2F 2-2: Ball 3-2: Ground out 6-3 (Groundball, 6MD, EV 105.6 MPH)
|
Bottom of the 2nd over - 0 runs, 1 hit, 0 errors, 1 left on base; Clemson University 2 - University of Michigan 0 |
TOP OF THE 3RD |
Clemson University Tigers batting - Pitching for University of Michigan Wolverines : RHP Andrew Giles
|
Batting: RHB Carlos Livas
|
0-0: Foul Ball, location: 2F 0-1: Ball 1-1: Ground out 5-3 (Groundball, 56S, EV 86.9 MPH)
|
Batting: RHB Luis Cruz
|
0-0: Foul Ball, location: 2F 0-1: Called Strike 0-2: Fly out, F3 (Popup, 34, EV 78.8 MPH)
|
Batting: RHB Joaquin Salazar
|
0-0: Called Strike 0-1: Ball 1-1: Swinging Strike 1-2: Strikes out swinging
|
Top of the 3rd over - 0 runs, 0 hits, 0 errors, 0 left on base; Clemson University 2 - University of Michigan 0 |
BOTTOM OF THE 3RD |
University of Michigan Wolverines batting - Pitching for Clemson University Tigers : LHP Mario Roman
|
Batting: RHB Justin Young
|
0-0: Ball 1-0: Ball 2-0: Ball 3-0: Base on Balls
|
Batting: RHB Kiichi Matsumoto
|
0-0: Swinging Strike 0-1: Swinging Strike 0-2: Foul Ball, location: 2F 0-2: Ball 1-2: Ball 2-2: Strikes out swinging
|
Batting: RHB Gilbert Hoareau
|
0-0: Swinging Strike 0-1: Foul Ball, location: 2F 0-2: Strikes out looking
|
Batting: LHB Afanasy Zasekin
|
0-0: Swinging Strike 0-1: Ground out U3 (Groundball, 3, EV 103.8 MPH)
|
Bottom of the 3rd over - 0 runs, 0 hits, 0 errors, 1 left on base; Clemson University 2 - University of Michigan 0 |
TOP OF THE 4TH |
Clemson University Tigers batting - Pitching for University of Michigan Wolverines : RHP Andrew Giles
|
Batting: RHB Willie Rubio
|
0-0: Ball 1-0: Foul Ball, location: 2F 1-1: Fly out, F6 (Popup, 6MS, EV 63.1 MPH)
|
Batting: LHB Ivan Castillo
|
0-0: Ball 1-0: SINGLE (Flyball, 4MD, EV 90.6 MPH)
|
Batting: RHB Wayne Watson
|
0-0: Grounds into double play, 5-4-3 (Groundball, 56, EV 86.9 MPH)
|
Top of the 4th over - 0 runs, 1 hit, 0 errors, 0 left on base; Clemson University 2 - University of Michigan 0 |
BOTTOM OF THE 4TH |
University of Michigan Wolverines batting - Pitching for Clemson University Tigers : LHP Mario Roman
|
Batting: RHB Mike Bearden
|
0-0: Ball 1-0: Called Strike 1-1: Ball 2-1: Ground out 3-1 (Groundball, 34, EV 102.5 MPH)
|
Batting: RHB Xiao-shuang Au
|
0-0: SOLO HOME RUN (Flyball, 7D, EV 100.6 MPH), Distance : 420 ft
|
Batting: LHB Ken Morehead
|
0-0: Called Strike 0-1: Ball 1-1: Called Strike 1-2: Foul Ball, location: 2F 1-2: Fly out, F7 (Line Drive, 7D, EV 98.1 MPH)
|
Batting: LHB Dave Carlisle
|
0-0: Called Strike 0-1: Swinging Strike 0-2: Ball 1-2: Ball 2-2: Fly out, F7 (Flyball, 7LS, EV 85.6 MPH)
|
Bottom of the 4th over - 1 run, 1 hit, 0 errors, 0 left on base; Clemson University 2 - University of Michigan 1 |
TOP OF THE 5TH |
Clemson University Tigers batting - Pitching for University of Michigan Wolverines : RHP Andrew Giles
|
Pitching: RHP Kazuki Arai
|
|
Batting: RHB Manny Balderas
|
0-0: Ball 1-0: Called Strike 1-1: Ball 2-1: Called Strike 2-2: Ball 3-2: Foul Ball, location: 2F 3-2: Foul Ball, location: 2F 3-2: Fly out, F6 (Popup, 56D, EV 66.2 MPH)
|
Batting: LHB Alex Chairez
|
0-0: Ball 1-0: Called Strike 1-1: Foul Ball, location: 2F 1-2: Ball 2-2: Strikes out looking
|
Batting: RHB Jon Solis
|
0-0: Ball 1-0: Foul Ball, location: 2F 1-1: Called Strike 1-2: Ball 2-2: Foul Ball, location: 2F 2-2: Foul Ball, location: 2F 2-2: Ball 3-2: Foul Ball, location: 2F 3-2: Fly out, F7 (Flyball, 7LD, EV 94.4 MPH)
|
Top of the 5th over - 0 runs, 0 hits, 0 errors, 0 left on base; Clemson University 2 - University of Michigan 1 |
BOTTOM OF THE 5TH |
University of Michigan Wolverines batting - Pitching for Clemson University Tigers : LHP Mario Roman
|
Pitching: RHP John Killough
|
|
Batting: RHB Alain Marquet
|
0-0: Called Strike 0-1: Ball 1-1: SINGLE (Groundball, 56D, EV 94.4 MPH)
|
Batting: RHB Justin Young
|
0-0: Grounds into double play, 4-6-3 (Groundball, 4, EV 80.6 MPH)
|
Pinch Hitting: LHB Bert Grey
|
0-0: Called Strike 0-1: Ball 1-1: Foul Ball, location: 2F 1-2: Ball 2-2: Strikes out swinging
|
Bottom of the 5th over - 0 runs, 1 hit, 0 errors, 0 left on base; Clemson University 2 - University of Michigan 1 |
TOP OF THE 6TH |
Clemson University Tigers batting - Pitching for University of Michigan Wolverines : RHP Kazuki Arai
|
Now in LF: Bert Grey
|
|
Batting: RHB Carlos Livas
|
0-0: Fly out, F6 (Popup, 6, EV 76.2 MPH)
|
Batting: RHB Luis Cruz
|
0-0: Ground out 6-3 (Groundball, 6M, EV 87.5 MPH)
|
Batting: RHB Joaquin Salazar
|
0-0: Ball 1-0: Foul Ball, location: 2F 1-1: Swinging Strike 1-2: Strikes out swinging
|
Top of the 6th over - 0 runs, 0 hits, 0 errors, 0 left on base; Clemson University 2 - University of Michigan 1 |
BOTTOM OF THE 6TH |
University of Michigan Wolverines batting - Pitching for Clemson University Tigers : RHP John Killough
|
Batting: RHB Gilbert Hoareau
|
0-0: Ground out 4-3 (Groundball, 4, EV 90.0 MPH)
|
Batting: LHB Afanasy Zasekin
|
0-0: Ball 1-0: Ball 2-0: Ball 3-0: Called Strike 3-1: Called Strike 3-2: SINGLE (Flyball, 8RS, EV 95.6 MPH)
|
Batting: RHB Mike Bearden
|
0-0: Ball 1-0: Foul Ball, location: 2F 1-1: Foul Ball, location: 2F 1-2: Strikes out swinging
|
Batting: RHB Xiao-shuang Au
|
0-0: Ball 1-0: Called Strike 1-1: Ball 2-1: 2-RUN HOME RUN (Flyball, 7LD, EV 92.5 MPH), Distance : 367 ft
|
Batting: LHB Ken Morehead
|
0-0: Ball 1-0: Ball 2-0: Ball 3-0: Base on Balls
|
Batting: LHB Dave Carlisle
|
0-0: Called Strike 0-1: Swinging Strike 0-2: Ball 1-2: Ball 2-2: Ball 3-2: Foul Ball, location: 2F 3-2: Foul Ball, location: 2F 3-2: Reached on error, E4 (Groundball, 4, EV 87.5 MPH) Ken Morehead to second
|
Batting: RHB Alain Marquet
|
0-0: Ball Wild Pitch! Ken Morehead to third Dave Carlisle to second 1-0: Intentional Walk
|
Pitching: LHP Ray Paul
|
|
Batting: RHB Justin Young
|
0-0: Ball 1-0: Ball 2-0: Foul Ball, location: 2F 2-1: Foul Ball, location: 2F 2-2: Strikes out swinging
|
Bottom of the 6th over - 2 runs, 2 hits, 1 error, 3 left on base; Clemson University 2 - University of Michigan 3 |
TOP OF THE 7TH |
Clemson University Tigers batting - Pitching for University of Michigan Wolverines : RHP Kazuki Arai
|
Pinch Hitting: LHB Rafael Lozano
|
0-0: Called Strike 0-1: Ball 1-1: Foul Ball, location: 2F 1-2: Ground out 6-3 (Groundball, 6, EV 101.9 MPH)
|
Pinch Hitting: RHB Kirk Cully
|
0-0: Ball 1-0: Foul Ball, location: 2F 1-1: Ball 2-1: Ball 3-1: Fly out, F8 (Flyball, 8RS, EV 74.4 MPH)
|
Batting: RHB Wayne Watson
|
0-0: Ball 1-0: Called Strike 1-1: Ball 2-1: Foul Ball, location: 2F 2-2: Ball 3-2: Strikes out swinging
|
Top of the 7th over - 0 runs, 0 hits, 0 errors, 0 left on base; Clemson University 2 - University of Michigan 3 |
BOTTOM OF THE 7TH |
University of Michigan Wolverines batting - Pitching for Clemson University Tigers : LHP Ray Paul
|
Now at SS: Lao-che Zhu
|
|
Now in RF: Toshinori Tajima
|
|
Batting: LHB Bert Grey
|
0-0: Fly out, F9 (Flyball, 9LM, EV 88.8 MPH)
|
Batting: RHB Gilbert Hoareau
|
0-0: Foul Ball, location: 2F 0-1: SINGLE (Groundball, 3D, EV 103.8 MPH)
|
Batting: LHB Afanasy Zasekin
|
|
Pinch Hitting: LHB Dusty Bryant
|
0-0: Ball 1-0: Swinging Strike 1-1: Swinging Strike 1-2: Ball 2-2: Ball Wild Pitch! Gilbert Hoareau to second 3-2: Base on Balls
|
Batting: SHB Corey Penson
|
0-0: Ball 1-0: Foul Ball, location: 2F 1-1: Foul Ball, location: 2F 1-2: Ball 2-2: Foul Ball, location: 2F 2-2: Fly out, F9 (Flyball, 9LM, EV 89.4 MPH)
|
Batting: RHB Xiao-shuang Au
|
0-0: Ball 1-0: Foul Ball, location: 2F 1-1: Swinging Strike 1-2: Ball 2-2: Strikes out swinging
|
Bottom of the 7th over - 0 runs, 1 hit, 0 errors, 2 left on base; Clemson University 2 - University of Michigan 3 |
TOP OF THE 8TH |
Clemson University Tigers batting - Pitching for University of Michigan Wolverines : RHP Kazuki Arai
|
Pitching: RHP Tom Wood
|
|
Now in RF: Dusty Bryant
|
|
Pinch Hitting: LHB Armando Arellano
|
0-0: Called Strike 0-1: Ground out 4-3 (Groundball, 4M, EV 86.9 MPH)
|
Batting: LHB Kien-lung Zou
|
0-0: Called Strike 0-1: Fly out, F8 (Flyball, 8LD, EV 99.4 MPH)
|
Pinch Hitting: LHB Nick Deen
|
0-0: Ball 1-0: Ball 2-0: Ball 3-0: Called Strike 3-1: Called Strike 3-2: Foul Ball, location: 2F 3-2: Strikes out looking
|
Top of the 8th over - 0 runs, 0 hits, 0 errors, 0 left on base; Clemson University 2 - University of Michigan 3 |
BOTTOM OF THE 8TH |
University of Michigan Wolverines batting - Pitching for Clemson University Tigers : LHP Ray Paul
|
Pitching: LHP Jason Peck
|
|
Now at 3B: Jackson Wither
|
|
Now in LF: Nick Deen
|
|
Batting: LHB Ken Morehead
|
0-0: Ball 1-0: Called Strike 1-1: Swinging Strike 1-2: Ball 2-2: Ball 3-2: Foul Ball, location: 2F 3-2: Foul Ball, location: 2F 3-2: Base on Balls
|
Pinch Hitting: RHB Joe Thomas
|
0-0: Called Strike 0-1: Called Strike 0-2: Foul Ball, location: 2F 0-2: Fly out, F4 (Popup, 3D, EV 61.9 MPH)
|
Batting: RHB Alain Marquet
|
0-0: SINGLE (Line Drive, 4D, EV 95.0 MPH) Ken Morehead to second Runner from 2nd tries for 3rd, SAFE, throw by CF made to third
|
Batting: RHB Justin Young
|
0-0: Ball 1-0: Ball 2-0: Ball 3-0: Base on Balls Alain Marquet to second
|
Batting: LHB Bert Grey
|
0-0: Called Strike 0-1: Ball 1-1: Ball 2-1: Ball 3-1: Base on Balls Ken Morehead scores Alain Marquet to third Justin Young to second
|
Pinch Hitting: RHB George Wagner
|
0-0: Swinging Strike 0-1: Ball 1-1: Foul Ball, location: 2F 1-2: Foul Ball, location: 2F 1-2: SINGLE (Flyball, 9LS, EV 93.8 MPH) Alain Marquet scores Justin Young to third Bert Grey to second
|
Batting: LHB Dusty Bryant
|
0-0: Foul Ball, location: 2F 0-1: Foul Ball, location: 2F 0-2: Foul Ball, location: 2F 0-2: SINGLE (Groundball, 5, EV 96.2 MPH) Justin Young scores Bert Grey to third George Wagner to second Runner from 3rd tries for Home, SAFE, throw by LF to home
|
Pitching: RHP Antonio Olvera
|
|
Batting: SHB Corey Penson
|
0-0: SINGLE (Groundball, 34D, EV 107.5 MPH) George Wagner to third Dusty Bryant to second Runner from 3rd tries for Home, SAFE, throw by RF to home
|
Batting: RHB Xiao-shuang Au
|
0-0: Ball 1-0: Called Strike 1-1: Ball 2-1: Fly out, F8 (Line Drive, 8RM, EV 90.0 MPH)
|
Batting: LHB Ken Morehead
|
0-0: Ball 1-0: Foul Ball, location: 2F 1-1: Foul Ball, location: 2F 1-2: Ball 2-2: Ball Wild Pitch! Dusty Bryant to third Corey Penson to second 3-2: Foul Ball, location: 2F 3-2: DOUBLE (Line Drive, 9LD, EV 104.4 MPH) Dusty Bryant scores Corey Penson scores
|
Batting: RHB Joe Thomas
|
0-0: Called Strike 0-1: Fly out, F8 (Line Drive, 8RD, EV 91.2 MPH)
|
Bottom of the 8th over - 7 runs, 5 hits, 0 errors, 1 left on base; Clemson University 2 - University of Michigan 10 |
TOP OF THE 9TH |
Clemson University Tigers batting - Pitching for University of Michigan Wolverines : RHP Tom Wood
|
Now at 2B: Joe Thomas
|
|
Now in CF: George Wagner
|
|
Pinch Hitting: LHB David Mendez
|
0-0: Foul Ball, location: 2F 0-1: Foul Ball, location: 2F 0-2: Foul Ball, location: 2F 0-2: Ball 1-2: Ball 2-2: Ball 3-2: Base on Balls
|
Pinch Hitting: RHB Paul Ngumi
|
0-0: Foul Ball, location: 2F 0-1: Ball 1-1: Ball 2-1: Ball 3-1: Fielders Choice at 2nd, 4-6 (Groundball, 4, EV 86.9 MPH)
|
Pitching: RHP Befikadu Mthuthuzeli
|
|
Batting: RHB Joaquin Salazar
|
0-0: Ball 1-0: Ball 2-0: Foul Ball, location: 2F 2-1: Fielders Choice at 2nd, 1-6 (Groundball, 34S, EV 70.6 MPH)
|
Pinch Hitting: SHB Ronnie Brooks
|
0-0: Ball 1-0: SINGLE (Line Drive, 34, EV 103.1 MPH) Joaquin Salazar to second
|
Pinch Hitting: RHB Bartolo Aguilar
|
0-0: Ball 1-0: Foul Ball, location: 2F 1-1: Ball 2-1: Ball 3-1: Fly out, F8 (Line Drive, 8RD, EV 86.9 MPH)
|
Top of the 9th over - 0 runs, 1 hit, 0 errors, 2 left on base; Clemson University 2 - University of Michigan 10 |
|